Unix NetHack Version 3.7.0-62 Work-in-progress - last build Aug 7 2022 14:32:34 (f254b98e4f4e6c2f4e816e90bd3419c5233a8e5f,branch:master). Game began 2022-08-09 22:31:38, ended 2022-08-09 23:02:11. Moult, chaotic male elven Ranger # -------|- --------- |........###############0####### -------- |.......| |.....(.| # ------------ #####-......| |.......| |........# # |.......@.<| |......| |.......| |.......|# # |.......[..|######.......| ----.---- ---.-----# ##0## |.......)...# --|----- 0### # # ##...........| # ### # # -------..--- ## # ####### # # ##### ### # #### ## ### ####(# -----.--- % ######0######### # |..>....| # # #----.---.---- |.......| # # ##+...........|# |.......| # ---|- # |............# |.......| ## |...| ###-...........| |.......| -------.---- |...+### ------------- --------- |..........| ###+-...| # |...........#### |..(.## ------------ ----- Moult the Trailblazer St:15 Dx:12 Co:16 In:14 Wi:13 Ch:7 Chaotic S:2221 Dlvl:8 $:187 HP:0(43) Pw:28(28) AC:4 Xp:6/401 T:4660 Blind Latest messages: The water nymph picks up a giant bat corpse. The dwarf picks up some gold. You hit the water nymph. The water nymph pretends to be friendly. The water nymph stole an uncursed tripe ration. The water nymph vanishes! The iguana bites! The hill orc picks up some gold. The yellow light explodes! You are blinded by a blast of light! Sting is quivering. You can't go up here. You descend the stairs. Sting stops quivering. You are in full health. You feel an unseen monster! It bites! You stop searching. You kill it! You are in full health. You try to feel what is lying here on the floor. You feel here a jackal corpse. There is a jackal corpse here; eat it? y This jackal corpse tastes gamey. You finish eating the jackal corpse. It hits! It hits! You hit it. It hits! It hits! You hit it. It hits! It hits! You hit it. It hits! It hits! What do you want to zap? [kpAJM or ?*] A In what direction? n The bolt of fire hits it. You destroy it! It bites! What do you want to zap? [kpAJM or ?*] A Nothing happens. It bites! You die... Do you want your possessions identified? y Do you want to see your attributes? y Do you want an account of creatures vanquished? y Do you want to see your conduct and achievements? y Do you want to see the dungeon overview? y Major events: Turn 1: Moult the chaotic male elven Ranger entered the dungeon 13: became literate by naming Sting 1412: entered the Gnomish Mines 1454: attained the rank of Lookout (level 3) 4286: attained the rank of Trailblazer (level 6) 4660: killed by a dog Inventory: Amulets B - an uncursed amulet of strangulation Weapons c - 46 +2 elven arrows (in quiver) d - 39 +0 elven arrows b - a +1 elven bow (alternate weapon; not wielded) C - a +2 orcish dagger g - a +0 orcish dagger S - a +0 orcish dagger a - the +1 Sting (weapon in hand) Armor j - an uncursed +0 orcish helm (being worn) q - an uncursed +0 pair of jumping boots (being worn) e - an uncursed +2 elven cloak (being worn) L - an uncursed +0 leather jacket (being worn) Comestibles U - an uncursed cream pie O - 2 uncursed food rations f - 4 uncursed lembas wafers Scrolls o - a cursed scroll of create monster F - a blessed scroll of enchant armor V - an uncursed scroll of identify x - a blessed scroll of light H - an uncursed scroll of teleportation Potions z - an uncursed potion of confusion y - an uncursed potion of enlightenment R - an uncursed potion of healing G - an uncursed potion of invisibility N - an uncursed potion of levitation I - an uncursed potion of object detection Y - a cursed potion of object detection h - an uncursed potion of sleeping Rings K - a blessed +2 ring of gain strength named 4069 (on right hand) Q - an uncursed ring of teleport control Wands M - a wand of digging (0:5) A - a wand of fire (0:0) k - a wand of light (0:14) p - a wand of magic missile (0:4) J - a wand of striking (0:7) Tools l - an uncursed lock pick X - a +0 pick-axe Moult the Ranger's attributes: Background: You were a Trailblazer, a level 6 male elven Ranger. You were chaotic, on a mission for Mars who was opposed by Mercury (lawful) and Venus (neutral). You were in the Dungeons of Doom, on level 8. You entered the dungeon 4660 turns ago. It was nighttime. You had 401 experience points, 239 more were needed to attain level 7. Your score was 2221 before end-of-game adjustments. Basics: You had 0 out of 43 hit points. You had all 28 energy points (spell power). Your armor class was 4. Your wallet contained 187 zorkmids. Autopickup was on for '_' plus thrown, with exceptions. Final Characteristics: Your strength was 15 (base:13, limit:18). Your dexterity was 12 (limit:18). Your constitution was 16 (limit:16). Your intelligence was 14 (limit:20). Your wisdom was 13 (limit:20). Your charisma was 7 (limit:18). Final Status: You were temporarily blind. You were not hungry. You were unencumbered. You were wielding a dagger. You were skilled in dagger. Final Attributes: You were piously aligned. You were sleep resistant. You were aware of the presence of orcs. You had automatic searching. You had infravision. You were stealthy. You could jump. You were warded. You are dead. Miscellaneous: You never encountered a bones level. Total elapsed playing time was 30 minutes and 32 seconds. Vanquished creatures: a leather golem a jaguar a dwarf leader a dust vortex a raven a mountain nymph an Uruk-hai a rock piercer a pony a fog cloud 2 yellow lights a kobold mummy an elf zombie a ghoul a giant ant 2 little dogs a hill orc 3 rothes a rabid rat a giant bat an orc zombie a werejackal 2 iguanas an acid blob a coyote a manes a hobgoblin 2 cave spiders 2 yellow molds a gnome zombie 3 geckos 16 jackals a fox 3 goblins a sewer rat 9 grid bugs 2 lichens a kobold zombie 9 newts 82 creatures vanquished. No species were genocided or became extinct. Voluntary challenges: You read items or engraved 13 times. You engraved Elbereth 8 times. You never genocided any monsters. You never polymorphed an object. You never changed form. You used no wishes. Achievements: You entered a shop. You entered the Gnomish Mines. You attained the rank of Lookout. You attained the rank of Trailblazer. The Dungeons of Doom: levels 1 to 9 Level 1: Level 2: An altar to Mars. Level 3: "vault" A wand shop, a fountain, a grave. Level 4: Stairs down to The Gnomish Mines. Level 5: Level 6: Level 7: An altar to Mars, a fountain. Level 8: <- You were here. Final resting place for you, killed by a dog. Level 9: The Gnomish Mines: Level 5: Game over: ---------- / \ / REST \ / IN \ / PEACE \ / \ | Moult | | 187 Au | | killed by a dog | | | | | | | | 2022 | *| * * * | * _________)/\\_//(\/(/\)/\//\/|_)_______ Goodbye Moult the Ranger... You died in The Dungeons of Doom on dungeon level 8 with 2203 points, and 187 pieces of gold, after 4660 moves. You were level 6 with a maximum of 43 hit points when you died.